Map: Catalyst LE

Players

Juxtapose - Winner!

  • Race: Zerg Zerg
  • League: Platinum
  • Spawn Location: 5:00

yfamily

  • Race: Zerg Zerg
  • League: Platinum
  • Spawn Location: 11:00

VOD

https://youtu.be/O44xx7w7tno

Description

Being attacked early by thirty six Zerglings is so common in Zerg vs Zerg, that I simply blindly make a Spine Crawler in each Mineral line by default and fast tech to Roaches.

Honestly, at least in Platinum 3, that works extremely well and is the reason Zerg vs Zerg is my best match up.

Time

  • Played on: Aug. 4, 2018, 3:48 p.m.
  • Length: 11:47
Show
View Real Time Build Order
Export as new Build Order

Juxtapose Zerg - Winner!

Build Orders: Hatch First 

Get SALT Encoding   

  12  0:01  Drone  
  13  0:08  Drone  
  14  0:17  Overlord  
  14  0:36  Drone x2  
  16  0:52  Hatchery  
  16  0:53  Drone  
  16  0:58  Extractor  
  16  1:00  Drone  
  16  1:15  Spawning Pool  
  16  1:18  Drone  
  16  1:25  Drone x2  
  18  1:34  Drone  
  19  1:43  Extractor  
  19  1:44  Drone  
  19  1:53  Drone  
  20  2:02  Overlord  
  20  2:04  Drone  
  21  2:13  Drone  
  22  2:20  Spine Crawler  
  22  2:22  Drone, Queen  
  24  2:27  Queen  
  26  2:31  Drone  
  27  2:38  Drone x2  
  29  2:47  Spine Crawler  
  28  2:53  Zergling x4  
  30  3:02  Roach Warren  
  29  3:17  Drone, Overlord  
  30  3:20  Drone x3  
  33  3:39  Drone x2  
  35  3:42  Extractor  
  35  3:44  Roach x2  
  35  3:45  Roach, Extractor  
  35  3:47  Overlord  
  39  3:49  Drone  
  40  4:09  Drone x3  
  43  4:10  Roach x3  
  43  4:13  Overlord  
  43  4:31  Roach x3  
  43  4:40  Roach x4  
  51  4:46  Queen  
  53  4:58  Roach Warren  
  52  5:17  Evolution Chamber  
  51  5:23  Lair  
  51  5:30  Drone x4  
  55  5:38  Roach x2  
  55  5:39  Overlord  
  59  5:43  Zerg Missile Weapons Level 1  
  59  5:48  Drone  
  60  5:52  Overlord  
  60  6:14  Ravager  
  60  6:15  Ravager  
  60  6:17  Ravager  
  63  6:21  Roach x2  
  63  6:22  Roach x3  
  63  6:23  Roach  
  75  6:37  Roach, Overlord  
  75  6:38  Overlord  
  60  7:08  Roach x3  
  66  7:09  Roach x3  
  66  7:13  Ravager  
  66  7:15  Ravager  
  64  7:24  Overseer  
  64  7:26  Overseer x2  
  64  7:31  Hydralisk Den  
  63  7:41  Roach x3  
  63  7:42  Roach  
  71  7:47  Queen  
  73  7:52  Hatchery  
  73  7:53  Drone x3  
  75  8:00  Zerg Ground Armor Level 1  
  75  8:02  Grooved Spines  
  75  8:03  Hydralisk x6  
  87  8:18  Drone x3  
  87  8:19  Drone  
  91  8:30  Overlord x2  
  91  8:50  Hydralisk x3  
  91  8:51  Hydralisk x3  
  103  9:07  Hydralisk x6  
  111  9:12  Ravager x3  
  111  9:14  Overlord  
  111  9:15  Overlord  
  77  9:42  Hydralisk x4  
  77  9:43  Roach x2  
  77  9:44  Roach x2  
  93  10:20  Roach x5  
  101  10:30  Muscular Augments  
  97  10:47  Hydralisk x3  
  97  10:48  Hydralisk x4  
  111  11:07  Zergling x6  
  114  11:20  Drone x5  
  114  11:21  Drone  
Show
View Real Time Build Order
Export as new Build Order

yfamily Zerg 

Build Orders: Hatch First, Lurkers 

Get SALT Encoding   

  12  0:01  Drone  
  13  0:08  Drone  
  14  0:23  Drone, Extractor  
  14  0:24  Drone, Extractor  
  14  0:28  Overlord  
  16  0:47  Drone x2  
  18  1:01  Drone  
  19  1:04  Hatchery  
  19  1:07  Drone  
  19  1:18  Spawning Pool  
  19  1:21  Extractor  
  19  1:22  Drone  
  19  1:23  Extractor  
  17  1:32  Drone  
  18  1:48  Drone  
  18  1:52  Drone  
  20  2:01  Overlord  
  20  2:07  Queen  
  22  2:09  Metabolic Boost  
  22  2:18  Zergling x4  
  24  2:24  Zergling x2  
  24  2:28  Drone  
  26  2:30  Queen  
  26  2:33  Zergling x2  
  29  2:39  Zergling x2  
  30  2:46  Spine Crawler  
  29  2:53  Zergling x2  
  29  2:54  Drone  
  31  2:59  Zergling x4  
  33  3:06  Zergling x2  
  33  3:12  Overlord  
  34  3:16  Zergling x2  
  35  3:26  Lair  
  35  3:31  Zergling x4  
  35  3:33  Zergling x2  
  38  3:37  Drone  
  38  3:39  Drone  
  40  3:56  Drone x3  
  40  4:02  Drone, Spine Crawler  
  43  4:10  Drone  
  36  4:46  Hydralisk Den  
  31  4:58  Zergling x2, Spine Crawler  
  31  4:59  Zergling x4  
  32  5:05  Spine Crawler  
  31  5:14  Zergling x2  
  31  5:15  Zergling x4  
  34  5:23  Lurker Den  
  33  5:30  Evolution Chamber  
  32  5:37  Drone x5  
  32  5:38  Drone  
  32  5:41  Extractor  
  37  5:51  Extractor  
  37  5:54  Hatchery  
  35  5:58  Zerg Missile Weapons Level 1  
  35  6:03  Hydralisk x3, Evolution Chamber  
  40  6:05  Hydralisk  
  36  6:27  Hydralisk x2  
  36  6:28  Hydralisk  
  42  6:38  Hydralisk x2  
  43  6:48  Overlord  
  43  6:50  Lurker x2  
  43  6:51  Lurker  
  42  6:54  Lurker  
  39  7:03  Drone x2  
  35  7:21  Drone x2  
  37  7:26  Drone x2  
  39  7:36  Drone x2  
  41  7:43  Drone x2  
  43  7:48  Drone  
  44  7:52  Drone  
  44  7:54  Drone  
  44  7:57  Drone  
  47  8:02  Overseer  
  48  8:12  Drone  
  48  8:14  Drone, Nydus Network  
  48  8:21  Hydralisk  
  50  8:37  Drone x2  
  50  8:39  Drone  
  53  8:42  Drone  
  53  8:46  Drone x2  
  56  8:55  Lurker x2  
  58  9:09  Spore Crawler  
  40  9:36  Hydralisk x3  
  30  9:54  Hydralisk  
  32  10:06  Zergling x2  
  25  10:07  Zergling x4  
  25  10:08  Queen  
  25  10:14  Hydralisk Den  
  28  10:16  Hydralisk x3, Lurker Den  
  28  10:17  Hydralisk x2  
  35  10:26  Spine Crawler  
  34  10:30  Hydralisk  
  36  10:42  Hydralisk x2  
  26  10:43  Hydralisk  
  19  10:55  Drone  
  17  11:05  Hydralisk  
  17  11:18  Drone  
  18  11:28  Drone x3  
  18  11:32  Extractor  
Tags
 
Composition
Lurkers
Matchup
ZvZ
Race
Zerg
Spawn Locations
Cross Positions
Add a new tag
Caveats
  • Supply blocks, unpowered buildings, or Contaminate may cause inaccurate times.
  • Supply counts are checked every 10 seconds.